 Dungeon Crawl Stone Soup version 0.31-a0-271-gb88eb75e06 (webtiles) character file.

Game seed: 16833412823759196389

398 cforsyth the Ruffian (level 7, -3/55 HPs)
             Began as a Meteoran Shapeshifter on July 14, 2023.
             Slain by a gnoll bouda
             ... wielding a +0 club
              (7 damage)
             ... on level 4 of the Dungeon.
             The game lasted 00:06:28 (1248 turns).

cforsyth the Ruffian (Meteoran Shapeshifter)        Turns: 1248, Time: 00:06:29

Health: -3/55      AC:  6    Str: 18    XL:     7   Next: 32%
Magic:  8/8        EV: 12    Int: 14    God:
Gold:   53         SH:  0    Dex: 14    Spells: 6/6 levels left

rFire   + .          .
                       - Unarmed
rCold   . . .        (no shield)
rNeg    . . .        i - +3 leather armour
rPois   .            (helmet currently unavailable)
rElec   +            (cloak currently unavailable)
rCorr   .            (gloves currently unavailable)
SInv    .            (boots currently unavailable)
Will    .....        (no amulet)
Stlth   +            s - ring of Hiebae {rElec rF+ Int+3 Stlth+}
HPRegen 0.29/turn    (no ring)
MPRegen 0.11/turn

%: no passive effects
@: beast-form, glowing
A: beast (slay +4), sense surroundings 1, otherworldly, glowing, explore regen
a: Begin Untransformation


You were on level 4 of the Dungeon.
You were a hulking beast.
You visited 1 branch of the dungeon, and saw 5 of its levels.

You collected 53 gold pieces.

Inventory:

Armour
 a - a +0 animal skin
 i - a +3 leather armour (worn)
 m - a +0 hat
 n - the +0 hat of Amorality {rN+ Dex+3}
   (You found it on level 3 of the Dungeon)

   Dex:       It affects your dexterity (+3).
   rN:        It protects you from negative energy.
 r - a +2 helmet
Jewellery
 s - the ring of Hiebae (left hand) {rElec rF+ Int+3 Stlth+}
   (You found it on level 5 of the Dungeon)

   [ring of protection from fire]

   Int:       It affects your intelligence (+3).
   rF:        It protects you from fire.
   rElec:     It insulates you from electricity.
   Stlth:     It makes you more stealthy.
Talismans
 c - a beast talisman
Scrolls
 d - 2 scrolls of teleportation {unknown}
 e - a scroll of vulnerability {unknown}
 g - a scroll of butterflies {unknown}
 k - 3 scrolls of identify {unknown}
 q - a scroll of blinking {unknown}
Potions
 b - 2 potions of lignification
 f - a potion of enlightenment {unknown}
 h - a potion of magic {unknown}
 j - a potion of cancellation {unknown}
 l - a potion of mutation {unknown}
 o - a potion of degeneration {unknown}
 p - 3 potions of curing {unknown}
 t - a potion of berserk rage {unknown}


   Skills:
 - Level 2.1 Fighting
 - Level 2.4 Dodging
 + Level 6.2 Unarmed Combat
 + Level 6.0 Shapeshifting


You had 6 spell levels left.
You didn't know any spells.
Your spell library contained the following spells:

 Spells                   Type           Power      Damage    Failure   Level
 Poisonous Vapours        Pois/Air       0%         N/A       45%         2
 Sublimation of Blood     Necr           0%         N/A       45%         2
 Wereblood                Tmut           0%         N/A       45%         2
 Mephitic Cloud           Conj/Pois/Air  0%         N/A       71%         3
 Freezing Cloud           Conj/Ice/Air   0%         6-21      100%        5
 Summon Hydra             Summ           0%         N/A       100%        7


Dungeon Overview and Level Annotations

Branches:
Dungeon (5/15) Zot: 1765
 Temple: D:4-7

Altars:
Fedhas

Shops:
D:1 [


Innate Abilities, Weirdness & Mutations

You are a hulking beast.
Your limbs bulge with bestial killing power. (Slay +4)
You passively map a small area around you.
You are easily found by Zot.
You glow in the dark.
You regain HP and MP as you explore.


Message History

The gnoll is severely wounded.
The gnoll closely misses you. The gnoll hits you with a +0 club!
The gnoll bouda barks out a call to the hunt!
The gnolls pick up the pace!
You hit the gnoll.
The gnoll is almost dead.
The gnoll hits you from afar with a +0 halberd.
The gnoll misses you.
The gnoll bouda gazes fiercely through you!
You feel your attacks grow feeble.
You hit the gnoll.
You kill the gnoll!
The gnoll barely misses you. The gnoll hits you but does no damage.
The gnoll attacks as you move away! The gnoll hits you with a +0 spear.
The gnoll attacks as you move away! The gnoll hits you but does no damage.
The gnoll closely misses you. The gnoll attacks as you move away!
The gnoll hits you with a +0 whip. The gnoll hits you with a +0 whip.
You hit the gnoll but do no damage. The gnoll hits you with a +0 whip.
You hit the gnoll.
The gnoll is moderately wounded.
The gnoll barely misses you.
You closely miss the gnoll.
The gnoll is moderately wounded.
You closely miss the gnoll.
The gnoll is moderately wounded.
The gnoll hits you with a +0 whip.
You hit the gnoll.
The gnoll is severely wounded.
Your attacks no longer feel as feeble.
The gnoll hits you with a +0 whip.
You punch the gnoll!
You kill the gnoll!
The gnoll hits you from afar with a +0 heavy halberd!!
* * * LOW HITPOINT WARNING * * *
You hit the gnoll bouda.
You punch the gnoll bouda, but do no damage.
The gnoll bouda is moderately wounded.
The gnoll bouda hits you with a +0 club!
You die...

.....# ..###.#########.##...
.....# * #.#.#.#[..<..........
.....# #. ,...,#.....# ##......
.....# ,#. #.#.###.#.# #.####'
.....##.#.###.#.....#.# * #. #.
####..#.#.....#######.#, # #.
......#.#..#..........# * *,* #.
.####...#..#.##########.#.#.####.
...)............hggg<...........†
.#.##.#......#######g...#.#.#####
.#.#<.#..##### * .#.## ,
.#.#..#., *, g. .. .#.#### , *
,... ...,,, .#.. * * *...#,.., ,
.... * , ...+ ,...... #### , *
####, ..... * * ,, #...#


You could see a gnoll bouda and 3 gnolls.

Vanquished Creatures
  Eustachio (D:5)
  A scorpion (D:4)
  An orc priest (D:5)
  2 iguanas
  An orc wizard (D:3)
  2 adders
  2 gnolls (D:4)
  10 orcs
  3 endoplasms
  A giant cockroach (D:4)
  5 goblins
  2 hobgoblins
  4 jackals (D:3)
  A quokka (D:4)
  4 ball pythons
  2 bats
  2 frilled lizards
  5 kobolds
  6 rats
55 creatures vanquished.

Notes
Turn   | Place    | Note
-------+----------+-------------------------------------------
     0 | D:1      | cforsyth the Meteoran Shapeshifter began the quest for the
                  | Orb.
     0 | D:1      | Reached XP level 1. HP: 17/17 MP: 2/2
   110 | D:1      | Found Luedgh's Antique Armour Shop.
   197 | D:1      | Reached XP level 2. HP: 19/24 MP: 3/3
   330 | D:2      | Found a blossoming altar of Fedhas.
   354 | D:2      | Found a faded altar of an unknown god.
   369 | D:2      | Reached XP level 3. HP: 14/29 MP: 4/4
   557 | D:3      | Identified the +0 hat of Amorality {rN+ Dex+3}
   719 | D:3      | Reached XP level 4. HP: 36/36 MP: 5/5
   845 | D:4      | Reached XP level 5. HP: 34/41 MP: 6/6
   865 | D:4      | Reached skill level 5 in Shapeshifting
   876 | D:5      | Entered Level 5 of the Dungeon
   954 | D:4      | Reached skill level 5 in Unarmed Combat
   954 | D:4      | Reached XP level 6. HP: 48/48 MP: 7/7
  1084 | D:5      | Noticed Eustachio
  1086 | D:5      | Identified the ring of Hiebae {rElec rF+ Int+3 Stlth+}
  1116 | D:5      | Killed Eustachio
  1117 | D:5      | Reached XP level 7. HP: 27/55 MP: 8/8
  1248 | D:4      | Slain by a gnoll bouda

Illustrated notes

Levels and vault maps discovered:
D:1:      lightli_arrival_noodles, layout_basic, serial_shops,
          nicolae_shop_tiny_waterfront
D:2:      layout_basic, hellmonk_ecumenical_altar_arch_garden, basic_altar
D:3:      layout_basic
D:4:      layout_basic
D:5:      layout_basic, uniq_eustachio

Skill      XL: |  1  2  3  4  5  6  7 |
---------------+----------------------+-----
Unarmed Combat | 3 4 5 6 |  6.2
Shapeshifting  | 4 5 6 |  6.0
Fighting       | |  2.1
Dodging        | |  2.4

Action                     |  1- 3 |  4- 6 |  7- 9 || total
---------------------------+-------+-------+-------++-------
  Melee: Unarmed           |    74 |    91 |    14 ||   179
         Punch             |     1 |     2 |     1 ||     4
 Armour: Animal skin       |     1 |       |       ||     1
         Leather armour    |    18 |    23 |     3 ||    44
  Dodge: Dodged            |    43 |    57 |     8 ||   108

Table legend: (Time is in decaauts)
 A = Elapsed time spent in this place.
 B = Non-inter-level travel time spent in this place.
 C = Inter-level travel time spent in this place.
 D = Time resting spent in this place.
 E = Time spent auto-exploring this place.
 F = Levels seen in this place.
 G = Mean time per level.
                   A        B        C        D        E       F      G
               +--------+--------+--------+--------+--------+-----+--------+
         Total |   1233 |   1180 |     53 |      0 |      0 |   5 |  246.6 |
       Dungeon |   1233 |   1180 |     53 |      0 |      0 |   5 |  246.6 |
               +--------+--------+--------+--------+--------+-----+--------+

Top non-repeatable levels by time:
     D:3: 361 daAuts
     D:1: 251 daAuts
     D:4: 214 daAuts
     D:5: 204 daAuts
     D:2: 201 daAuts
